 Dungeon Crawl Stone Soup version 0.22-a0-162-g33bf127 (webtiles) character file.

36880 KristoblXynda the Carver (level 13, -3/113 HPs)
             Began as a Grey Draconian Gladiator on Feb 12, 2018.
             Was the Champion of Okawaru.
             Slain by an entropy weaver
             ... wielding a +0 rapier
              (14 damage)
             ... on level 5 of the Lair of Beasts.
             The game lasted 00:31:13 (16417 turns).

KristoblXynda the Carver (DrGl)                    Turns: 16417, Time: 00:31:14

Health: -3/113     AC:  6    Str: 16    XL:     13   Next: 55%
Magic:  18/18      EV: 24    Int: 12    God:    Okawaru [******]
Gold:   1009       SH:  5    Dex: 15    Spells: 12/12 levels left

rFire    . . .     SeeInvis .   m - +4 double sword (vamp)
rCold    . . .     Gourm    .   r - +0 buckler
rNeg     . . .     Faith    .   (armour unavailable)
rPois    .         Spirit   .   b - +1 hat
rElec    .         Reflect  .   g - +1 cloak
rCorr    .         Harm     .   (no gloves)
MR       .....                  (no boots)
Stlth    +.........             p - amulet of rage
HPRegen  0.28/turn              s - +2 ring of protection
MPRegen  0.16/turn              C - +4 ring of evasion

@: corroded, berserk cooldown, slowed, very slow
A: walk through water, unfitting armour, unbreathing, cold-blooded, AC +13
a: Heroism, Finesse, Renounce Religion, Evoke Berserk Rage


You were on level 5 of the Lair of Beasts.
You worshipped Okawaru.
Okawaru was exalted by your worship.
You were not hungry.

You visited 3 branches of the dungeon, and saw 19 of its levels.
You also visited: Labyrinth and Sewer.

You collected 1009 gold pieces.

Inventory:

Hand Weapons
 m - a +4 vampiric double sword (weapon)
 I - a +6 great sword of holy wrath
Missiles
 a - 5 javelins (quivered)
 c - 3 throwing nets
 D - 12 silver javelins
Armour
 b - a +1 hat (worn)
 g - a +1 cloak (worn)
 r - a +0 buckler (worn)
Jewellery
 p - an amulet of rage (around neck)
 s - a +2 ring of protection (left hand)
 C - a +4 ring of evasion (right hand)
Wands
 j - a wand of paralysis (12)
 l - a wand of iceblast (3)
 v - a wand of disintegration (6)
 E - a wand of acid (3)
 G - a wand of digging (26)
Scrolls
 e - a scroll of immolation
 h - 4 scrolls of teleportation
 k - 2 scrolls of fear
 t - 4 scrolls of enchant armour
 x - 4 scrolls of amnesia
 z - 2 scrolls of remove curse
 B - a scroll of fog
 F - 3 scrolls of identify
Potions
 f - 4 potions of haste
 i - 5 potions of curing
 n - a potion of magic
 o - a potion of flight
 u - 3 potions of brilliance
 w - 2 potions of mutation
 H - a potion of resistance
Books
 A - a book of Flames

   Spells                             Type                      Level
   a - Flame Tongue                   Conjuration/Fire             1
   b - Throw Flame                    Conjuration/Fire             2
   c - Conjure Flame                  Conjuration/Fire             3
   d - Inner Flame                    Hexes/Fire                   3
   e - Sticky Flame                   Conjuration/Fire             4
   f - Fireball                       Conjuration/Fire             5
Miscellaneous
 y - a crystal ball of energy
Comestibles
 d - 17 rations


   Skills:
 - Level 10.1 Fighting
 + Level 14.6 Long Blades
 - Level 3.1 Throwing
 - Level 11.1 Dodging
 + Level 4.0 Shields
 + Level 7.8 Invocations
 + Level 7.2 Evocations


You had 12 spell levels left.
You didn't know any spells.

Dungeon Overview and Level Annotations

Branches:
Dungeon (14/15)            Temple (1/1) D:7            Lair (3/6) D:8
  Snake (0/4) Lair:3          Orc (0/2) D:11
  Swamp: Lair:2-4    Shoals: Lair:2-4    Vaults: D:13-14

Altars:
Ashenzari
Cheibriados
Dithmenos
Elyvilon
Fedhas
Gozag
Hepliaklqana
Kikubaaqudgha
Makhleb
Nemelex Xobeh
Okawaru
Qazlal
Ru
Sif Muna
Trog
Uskayaw
Vehumet
Wu Jian
Xom
Yredelemnul
Zin
The Shining One

Shops:
D:11 }

Portals:
Trove: D:12 (give 2 scrolls of acquirement)


Innate Abilities, Weirdness & Mutations

You can walk through water.
Your dull iron-grey scales are very hard. (AC +13)
You cannot fit into any form of body armour.
You can survive without breathing.
You are cold-blooded and may be slowed by cold attacks.


Message History

The entropy weaver completely misses you.
The entropy weaver mumbles some strange words.
The entropic weave corrodes you!
Evoke which item? (* to show all) (? for menu, Esc to quit)
Aiming: Corrosive Bolt
Press: ? - help, Shift-Dir - straight line, f/p - worker ant
Aim: a worker ant The bolt of acid misses the entropy weaver.
The bolt of acid hits the soldier ant.
The soldier ant appears unharmed.
The bolt of acid hits the soldier ant.
The soldier ant is splashed with acid.
The acid corrodes the soldier ant!
The soldier ant is heavily wounded.
The entropy weaver hits you with a rapier.
* * * LOW HITPOINT WARNING * * *
The entropy weaver hits you with a rapier!!
* * * LOW HITPOINT WARNING * * *
The entropy weaver hits you with a rapier.
* * * LOW HITPOINT WARNING * * *
The entropy weaver hits you with a rapier!
You die... #....... #. .# ##.....# ..[ #. #......## aaa

.# ###.....P### ..aa#..
..........# #[a#a#.
###[......P#####
.#aaaaa##.#...PP....##..
.aaaaaa#.#......†...#...
#@#........†#....8
#.###.#.......#....†.
#...##....####......
##..##.#.###...8..##
.....#..8)##........
.......#..............
..........8.>....8.>.8..
.........#..............
......#.... 8.#.........


You could see an entropy weaver, 6 soldier ants and 11 worker ants.

Vanquished Creatures
  An entropy weaver (Lair:5)
  A minotaur (Lab)
  Josephine (D:12)
  3 hydras
  6 two-headed ogres
  A queen ant (Lair:5)
  3 skeletal warriors (D:13)
  Pikel (D:7)
  A centaur zombie (D:12)
  6 elephants
  Psyche (D:10)
  A gargoyle (D:12)
  A black mamba (Lair:3)
  6 spiny frogs
  2 komodo dragons
  A troll (D:12)
  4 polar bears (Lair:2)
  Grinder (D:6)
  A hippogriff (shapeshifter) (D:13)
  3 blink frogs (Lair:3)
  4 hippogriffs
  Sigmund (D:3)
  A vampire (D:14)
  2 wyverns
  A spriggan (D:8)
  Eustachio (D:5)
  4 wraiths
  7 yaks
  2 basilisks
  Grum (D:10)
  A steam dragon (Lair:3)
  Menkaure (D:7)
  2 hungry ghosts
  2 nagas (Lair:3)
  Edmund (D:4)
  5 water moccasins
  9 soldier ants (Lair:5)
  3 porcupines (Lair:1)
  2 orc warriors
  2 black bears
  A phantom (D:5)
  An ice beast (D:9)
  A hornet zombie (D:11)
  8 ogres
  2 sky beasts
  6 wolves
  A necrophage (D:8)
  9 crocodiles
  17 centaurs
  3 big kobolds
  13 bullfrogs
  A water moccasin zombie (D:8)
  A water moccasin skeleton (D:4)
  9 scorpions
  14 killer bees
  A howler monkey (D:3)
  3 bullfrog zombies
  A crimson imp (D:11)
  3 orc priests
  3 hounds
  5 jellies
  2 quasits
  Crazy Yiuf (D:4)
  4 centaur skeletons
  3 bullfrog skeletons
  4 iguanas
  A gnoll shaman (D:7)
  9 orc wizards
  10 worker ants
  A hound zombie (D:7)
  2 hound skeletons
  Robin (D:2)
  6 gnolls
  14 adders
  2 shadow imps
  2 oozes
  An adder skeleton (D:4)
  An adder zombie (D:5)
  2 worms (D:3)
  A dart slug (D:2)
  8 leopard geckos
  48 orcs
  15 giant cockroaches
  9 goblins
  6 hobgoblins
  5 jackals
  4 quokkas
  2 ball pythons
  9 bats
  7 frilled lizards
  A jackal skeleton (D:7)
  20 kobolds
  A quokka zombie (D:9)
  8 rats
  A fungus (Lair:3)
411 creatures vanquished.

Vanquished Creatures (others)
  A vampire (D:12)
  2 slaves (D:7)
  A sky beast (D:6)
  A centaur (D:12)
  2 bullfrogs
  A gnoll (D:7)
  3 fungi
  5 plants (D:3)
16 creatures vanquished.

Grand Total: 427 creatures vanquished

Notes
Turn   | Place    | Note
-------+----------+-------------------------------------------
     0 | D:1      | KristoblXynda the Draconian Gladiator began the quest for the Orb.
     0 | D:1      | Reached XP level 1. HP: 17/17 MP: 1/1
   165 | D:1      | Reached XP level 2. HP: 13/24 MP: 2/2
   709 | D:2      | Reached XP level 3. HP: 24/29 MP: 3/3
   786 | D:2      | Noticed Robin
   795 | D:2      | Killed Robin
  1276 | D:2      | Reached XP level 4. HP: 36/36 MP: 4/4
  1508 | D:2      | Found a stormy altar of Qazlal.
  1747 | D:3      | Reached skill level 4 in Long Blades
  1787 | D:3      | Reached XP level 5. HP: 13/41 MP: 5/5
  2084 | D:3      | Found a glowing drain.
  2093 | Sewer    | Entered a sewer
  2616 | Sewer    | Reached skill level 5 in Long Blades
  2616 | Sewer    | Reached XP level 6. HP: 26/48 MP: 6/6
  2899 | D:3      | Noticed Sigmund
  2923 | D:3      | Killed Sigmund
  2923 | D:3      | Reached skill level 6 in Long Blades
  2923 | D:3      | Your scales start taking on a dull iron-grey colour.
  2923 | D:3      | Reached XP level 7. HP: 55/55 MP: 7/7
  2923 | D:3      | Gained mutation: You can survive without breathing. [Grey Draconian growth]
  3346 | D:3      | Found a faded altar of an unknown god.
  3392 | D:4      | Noticed Edmund
  3421 | D:4      | Killed Edmund
  3421 | D:4      | Reached skill level 5 in Dodging
  3506 | D:4      | Found a runed door.
  3604 | D:4      | Reached skill level 7 in Long Blades
  3886 | D:4      | Reached XP level 8. HP: 61/61 MP: 8/8
  3973 | D:4      | Found a glowing silver altar of Zin.
  4160 | D:4      | Noticed Crazy Yiuf
  4169 | D:4      | Killed Crazy Yiuf
  4214 | D:5      | Entered Level 5 of the Dungeon
  4284 | D:5      | Reached skill level 8 in Long Blades
  4539 | D:5      | Noticed Eustachio
  4552 | D:5      | Killed Eustachio
  4692 | D:5      | Reached skill level 9 in Long Blades
  5203 | D:5      | Found a bloodstained altar of Trog.
  5569 | D:6      | Reached XP level 9. HP: 67/67 MP: 9/9
  5720 | D:6      | Noticed Grinder
  5732 | D:6      | Paralysed by Grinder for 4 turns
  5799 | D:6      | Paralysed by Grinder for 5 turns
  5813 | D:6      | Killed Grinder
  5813 | D:6      | Reached skill level 10 in Long Blades
  5916 | D:6      | Found a shadowy altar of Dithmenos.
  6166 | D:7      | Found a staircase to the Ecumenical Temple.
  6169 | D:7      | Noticed Pikel
  6234 | D:7      | Killed Pikel
  6249 | Temple   | Entered the Ecumenical Temple
  6443 | Temple   | Became a worshipper of Warmaster Okawaru
  6468 | D:7      | Noticed Menkaure
  6485 | D:7      | Killed Menkaure
  6592 | D:7      | Found a shadowy altar of Dithmenos.
  6715 | D:7      | Reached skill level 11 in Long Blades
  6753 | D:7      | Reached skill level 12 in Long Blades
  6753 | D:7      | Reached XP level 10. HP: 71/84 MP: 10/10
  7302 | D:8      | Found a radiant altar of Vehumet.
  7323 | D:8      | Noticed a two-headed ogre
  7333 | D:8      | Killed a two-headed ogre
  7333 | D:8      | Reached * piety under Okawaru
  7333 | D:8      | Reached skill level 13 in Long Blades
  7336 | D:8      | Reached XP level 11. HP: 75/92 MP: 11/11
  7591 | D:8      | Found a staircase to the Lair.
  8093 | D:8      | Reached ** piety under Okawaru
  8438 | D:9      | Found an opulent altar of Gozag.
  8442 | D:9      | Found a sacrificial altar of Ru.
  9380 | D:10     | Entered Level 10 of the Dungeon
  9519 | D:10     | Noticed Grum
  9533 | D:10     | Killed Grum
  9756 | D:10     | Found a blossoming altar of Fedhas.
 10187 | D:10     | Noticed Psyche
 10203 | D:10     | Killed Psyche
 10203 | D:10     | Reached *** piety under Okawaru
 10775 | D:11     | Received a gift from Okawaru
 10836 | D:11     | Found a staircase to the Orcish Mines.
 10874 | D:11     | Reached skill level 14 in Long Blades
 10934 | D:11     | Found Wasick's Gadget Shop.
 11306 | D:12     | Noticed a six-headed hydra
 11317 | D:12     | Noticed a two-headed ogre
 11327 | D:12     | Reached skill level 1 in Invocations
 11330 | D:12     | Killed a six-headed hydra
 11330 | D:12     | Reached skill level 10 in Dodging
 11330 | D:12     | Reached skill level 1 in Evocations
 11333 | D:12     | Killed a two-headed ogre
 11341 | D:12     | Reached **** piety under Okawaru
 11342 | D:12     | Noticed a two-headed ogre
 11353 | D:12     | Killed a two-headed ogre
 11353 | D:12     | Received a gift from Okawaru
 11362 | D:12     | Reached XP level 12. HP: 26/103 MP: 12/14
 11486 | D:12     | Found a portal to a secret trove of treasure.
 11666 | D:12     | Noticed Josephine
 11681 | D:12     | Killed Josephine
 11697 | D:12     | Reached ***** piety under Okawaru
 11843 | D:12     | Found a labyrinth entrance.
 11847 | Lab      | Entered a labyrinth
 12058 | Lab      | Noticed a minotaur
 12067 | Lab      | Killed a minotaur
 12102 | Lab      | Identified the Papyrus of Flamy Good Luck
 12432 | D:13     | Noticed a two-headed ogre
 12443 | D:13     | Killed a two-headed ogre
 12443 | D:13     | Received a gift from Okawaru
 12753 | D:13     | Reached skill level 5 in Invocations
 12761 | D:13     | Reached skill level 10 in Fighting
 13108 | D:13     | Received a gift from Okawaru
 13108 | D:13     | Reached skill level 5 in Evocations
 13319 | D:14     | Noticed a two-headed ogre
 13331 | D:14     | Killed a two-headed ogre
 13561 | D:14     | Noticed a two-headed ogre
 13567 | D:14     | Killed a two-headed ogre
 13580 | D:14     | Noticed a centaur warrior
 13748 | Lair:1   | Entered Level 1 of the Lair of Beasts
 14402 | Lair:1   | Noticed a five-headed hydra
 14420 | Lair:1   | Killed a 16-headed hydra
 14906 | Lair:2   | Reached XP level 13. HP: 113/113 MP: 17/17
 15277 | Lair:2   | Reached skill level 1 in Shields
 15457 | Lair:2   | Found a dark tunnel.
 15768 | Lair:3   | Found a staircase to the Snake Pit.
 15833 | Lair:3   | Received a gift from Okawaru
 16284 | Lair:3   | You fall through a shaft for 2 floors!
 16310 | Lair:5   | Reached ****** piety under Okawaru
 16367 | Lair:5   | Noticed an entropy weaver
 16382 | Lair:5   | Killed an entropy weaver
 16387 | Lair:5   | Noticed an entropy weaver
 16389 | Lair:5   | Received a gift from Okawaru
 16417 | Lair:5   | Slain by an entropy weaver

Vault maps used:
D:1:      dpeg_arrival_tiny_j
D:2:      nicolae_overflow_hidden_temple, minmay_strange_pillars, uniq_robin
D:3:      first_ration, portal_sewer_entry_b, chequers_ecumenical_altar_lobes,
          uniq_sigmund
D:4:      zin_academy, uniq_crazy_yiuf_cottage, uniq_edmund
D:5:      lightli_temple_of_fire, uniq_eustachio
D:6:      grunt_dithmenos_smoke, uniq_grinder
D:7:      minmay_temple_entry_junction, lemuel_statue_altar, uniq_menkaure,
          uniq_pikel
D:8:      marbit_many_paths, david_lair_generic, the_bakery
D:9:      grunt_temple_overflow_open
D:10:     basic_altar, uniq_grum, uniq_psyche
D:11:     orc_0_dummy, serial_shops, nicolae_shop_waterfront
D:12:     nicolae_trove_entry_crystal, lab_entry_generic, uniq_josephine
D:13:     minmay_holes
D:14:     david_vaults_1, minmay_misc_feat_hallway
Temple:   regret_index_temple_sphere_string
Lair:2:   nicolae_volcano_entry_s_turn, cheibrodos_lair_lostbears
Lair:3:   guppyfry_snake_entry_garden, grunt_megastairs_1, serial_bayou_shore_b
Lair:5:   zaba_anthell, lemuel_fruit_tree, grunt_megastairs_3
Lab:      labyrinth_mini_lab, lab_fountain, nicolae_lab_stuck, lab_block,
          nicolae_lab_t_cross, nicolae_lab_grate_2, labyrinth_skeletal_remains,
          nicolae_lab_swirl, labyrinth_lava_lair, nicolae_lab_statue
Sewer:    sewer_frog_island_01

Skill      XL: |  1  2  3  4  5  6  7  8  9 10 11 12 13 |
---------------+----------------------------------------+-----
Throwing       | 2 3 |  3.1
Dodging        | 3 4 5 6 9 10 11 | 11.1
Long Blades    | 4 5 6 7 9 12 13 14 | 14.6
Fighting       | 6 7 8 10 | 10.1
Invocations    | 2 6 7 |  7.8
Evocations     | 2 5 7 |  7.2
Shields        | 4 |  4.0

Action                   |  1- 3 |  4- 6 |  7- 9 | 10-12 | 13-15 || total
-------------------------+-------+-------+-------+-------+-------++-------
Melee: Long sword        |    83 |   169 |   508 |   757 |       ||  1517
       Tailslap          |    10 |    12 |    73 |   188 |    60 ||   343
       Double sword      |       |       |       |    82 |   275 ||   357
Throw: Javelin           |       |       |       |     3 |     2 ||     5
 Abil: Evoke Berserk Rag |       |       |       |     4 |     1 ||     5
Evoke: Wand              |       |       |     1 |    19 |    10 ||    30
       Box of beasts     |       |       |       |     1 |       ||     1
  Use: Scroll            |       |     8 |    10 |    16 |     2 ||    36
       Potion            |       |     4 |     6 |     5 |     1 ||    16
 Stab: Sleeping          |     1 |     3 |     3 |     1 |       ||     8
       Distracted        |       |       |       |     1 |       ||     1
       Paralysed         |       |       |       |       |    11 ||    11
  Eat: Chunk             |     1 |     3 |    10 |     6 |       ||    20
       Ration            |       |     1 |     1 |    10 |     2 ||    14
Armor: Skin              |    26 |    80 |   247 |   270 |    68 ||   691
Dodge: Dodged            |    86 |   142 |   386 |   881 |   220 ||  1715
Block: Buckler           |       |       |       |     3 |    54 ||    57
       Rpst.: Long sword |    24 |    40 |   121 |   192 |       ||   377
       Double sword      |       |       |       |    16 |    48 ||    64

Table legend:
 A = Spawn XP
 B = Non-spawn XP
 C = Spawn XP percentage of total XP
 D = Spawn monster count
 E = Non-spawn monster count
 F = Spawn count percentage of total count
 G = Total turns spent on level
                    A         B        C        D         E        F      G
               +---------+---------+-------+---------+---------+-------+---------
         Total |       0 |   47931 |   0.0 |       0 |     414 |   0.0 | 16417
               +---------+---------+-------+---------+---------+-------+---------
           D:1 |       0 |      27 |   0.0 |       0 |      16 |   0.0 |   580
           D:2 |       0 |      85 |   0.0 |       0 |      20 |   0.0 |  1156
           D:3 |       0 |     452 |   0.0 |       0 |      44 |   0.0 |   952
           D:4 |       0 |     732 |   0.0 |       0 |      21 |   0.0 |   822
           D:5 |       0 |    1009 |   0.0 |       0 |      20 |   0.0 |  1235
           D:6 |       0 |    1101 |   0.0 |       0 |      21 |   0.0 |   713
           D:7 |       0 |    1321 |   0.0 |       0 |      22 |   0.0 |   826
           D:8 |       0 |    3514 |   0.0 |       0 |      32 |   0.0 |  1197
           D:9 |       0 |     658 |   0.0 |       0 |      23 |   0.0 |  1003
          D:10 |       0 |    2782 |   0.0 |       0 |      29 |   0.0 |  1344
          D:11 |       0 |    1447 |   0.0 |       0 |      25 |   0.0 |   622
          D:12 |       0 |    8147 |   0.0 |       0 |      35 |   0.0 |   722
          D:13 |       0 |    4545 |   0.0 |       0 |      13 |   0.0 |  1104
          D:14 |       0 |    2406 |   0.0 |       0 |       4 |   0.0 |   296
        Lair:1 |       0 |    3273 |   0.0 |       0 |      13 |   0.0 |  1065
        Lair:2 |       0 |    2698 |   0.0 |       0 |      12 |   0.0 |   800
        Lair:3 |       0 |    7129 |   0.0 |       0 |      25 |   0.0 |   671
        Lair:5 |       0 |    5024 |   0.0 |       0 |      19 |   0.0 |   133
           Lab |       0 |    1342 |   0.0 |       0 |       1 |   0.0 |   261
         Sewer |       0 |     239 |   0.0 |       0 |      19 |   0.0 |   704
               +---------+---------+-------+---------+---------+-------+---------
